 Dungeon Crawl Stone Soup version 0.31-a0-1057-g70f3316b05 (webtiles) character file.

Game seed: 17513534946232204313

23608 Malachi the Grappler (level 13, -6/99 HPs)
             Began as a Gnoll Shapeshifter on Nov 17, 2023.
             Was a Follower of Yredelemnul.
             Succumbed to poison (dark miasma)
             ... on level 4 of the Lair of Beasts on Nov 20, 2023.
             The game lasted 00:25:43 (15059 turns).

Malachi the Grappler (Gnoll Shapeshifter)          Turns: 15059, Time: 00:25:44

Health: -6/99      AC: 27    Str: 23    XL:     13   Next: 7%
Magic:  25/25      EV: 24    Int: 14    God:    Yredelemnul [*.....]
Gold:   310        SH:  0    Dex:  9    Spells: 28/28 levels left

rFire   . . .        I - +3 dire flail (pain)
rCold   . . .        (shield currently unavailable)
rNeg    . . .        O - +14 plate armour "Ijiwewn" {Int+4 Dex-4 Stlth+}
rPois   .            s - melded +1 helmet of the Dungeon {rF+}
rElec   .            F - melded +1 cloak {rPois}
rCorr   .            j - melded +0 pair of gloves {Dex+3}
SInv    .            (boots currently unavailable)
Will    .....        n - amulet of the acrobat Stlth
                     L - +6 ring of strength
HPRegen 0.36/turn    w - +4 ring of slaying
MPRegen 0.19/turn

%: acrobat
@: lethally poisoned (-6 -> -32), beast-form, acrobatic, slowed, very slow
A: beast (slay +4), fangs 1, strong nose, distributed training
a: Begin Untransformation, Renounce Religion, Recall Undead Harvest


You were on level 4 of the Lair of Beasts.
You worshipped Yredelemnul.
Yredelemnul was aware of your devotion.
You were a hulking beast.
You visited 3 branches of the dungeon, and saw 13 of its levels.
You also visited: Sewer.

You collected 622 gold pieces.
You spent 312 gold pieces at shops.

Inventory:

Hand Weapons
 E - a +3 quarterstaff of chaos
 G - a +3 hammer
 I - a +3 dire flail of pain (weapon)
Missiles
 y - 18 poisoned darts
 A - 3 datura-tipped darts
 D - 6 atropa-tipped darts
 H - 8 boomerangs
Armour
 j - a +0 pair of gloves of dexterity (melded)
 s - the +1 helmet of the Dungeon (melded) {rF+}
   (You bought it in a shop on level 8 of the Dungeon)

   rF+:       It protects you from fire.
 F - a +1 cloak of poison resistance (melded)
 O - the +14 plate armour "Ijiwewn" (worn) {Int+4 Dex-4 Stlth+}
   (You found it on level 8 of the Dungeon)

   Int+4:     It affects your intelligence (+4).
   Dex-4:     It affects your dexterity (-4).
   Stlth+:    It makes you more stealthy.
Jewellery
 g - a +5 ring of evasion
 l - a +6 ring of dexterity
 n - an amulet of the acrobat (around neck)
 t - a ring of flight
 w - a +4 ring of slaying (right hand)
 C - an amulet of faith
 K - an amulet of magic regeneration
 L - a +6 ring of strength (left hand)
 P - an amulet of reflection
Talismans
 c - a beast talisman (active)
 d - a flux talisman
 N - a serpent talisman
Wands
 m - a wand of roots (46)
 q - a wand of charming (13)
 Q - a wand of quicksilver (6)
 R - a wand of mindburst (10)
Scrolls
 e - a scroll of fear
 i - 2 scrolls of amnesia
 k - 5 scrolls of noise
 x - a scroll of torment
 J - 4 scrolls of teleportation
Potions
 a - a potion of might
 b - a potion of lignification
 f - 4 potions of curing
 h - 2 potions of berserk rage
 o - 2 potions of haste
 r - 3 potions of enlightenment
 u - 2 potions of heal wounds {unknown}
 v - 5 potions of brilliance
 z - 3 potions of ambrosia
 B - 5 potions of attraction
 M - a potion of mutation {unknown}


   Skills:
 + Level 8.5 Fighting
 + Level 8.0 Short Blades
 + Level 8.0 Long Blades
 + Level 8.0 Axes
 + Level 8.0 Maces & Flails
 + Level 8.0 Polearms
 + Level 8.0 Staves
 + Level 8.0 Ranged Weapons
 + Level 8.0 Throwing
 + Level 8.0 Armour
 + Level 9.3 Dodging
 + Level 8.0 Stealth
 + Level 8.0 Shields
 + Level 10.4 Unarmed Combat
 + Level 8.0 Spellcasting
 + Level 6.7 Conjurations
 + Level 6.7 Hexes
 + Level 6.7 Summonings
 + Level 6.7 Necromancy
 + Level 6.7 Translocations
 + Level 6.7 Transmutations
 + Level 6.7 Fire Magic
 + Level 6.7 Ice Magic
 + Level 6.7 Air Magic
 + Level 6.7 Earth Magic
 + Level 6.7 Poison Magic
 + Level 8.8 Invocations
 + Level 8.0 Evocations
 + Level 9.9 Shapeshifting


You had 28 spell levels left.
You didn't know any spells.
Your spell library contained the following spells:

 Spells                   Type           Power      Damage    Failure   Level
 Magic Dart               Conj           96%        1d7       11%         1
 Sandblast                Erth           48%        2d12      11%         1
 Shock                    Conj/Air       96%        1d9       11%         1
 Call Imp                 Summ           48%        N/A       17%         2
 Cigotuvi's Dreadful Rot  Necr/Pois/Air  48%        N/A       17%         2
 Passwall                 Tmut/Erth      20%        N/A       17%         2
 Ignite Poison            Fire/Tmut/Pois 24%        N/A       32%         3
 Mephitic Cloud           Conj/Pois/Air  24%        N/A       32%         3
 Ozocubu's Armour         Ice            24%        N/A       32%         3
 Stone Arrow              Conj/Erth      48%        3d10      32%         3
 Swiftness                Air            24%        N/A       32%         3
 Airstrike                Air            12%        2d(2-18)  73%         4
 Animate Armour           Summ/Erth      48%        N/A       73%         4
 Brom's Barrelling Bould  Conj/Erth      24%        2d5       73%         4
 Summon Lightning Spire   Summ/Air       24%        N/A       73%         4
 Freezing Cloud           Conj/Ice/Air   12%        6-21      97%         5
 Lee's Rapid Deconstruct  Erth           12%        3d8*      97%         5
 Metabolic Englaciation   Hex/Ice        12%        N/A       97%         5
 Simulacrum               Ice/Necr       Unusable   N/A       N/A         6

Dungeon Overview and Level Annotations

Branches:
Dungeon (8/15)             Temple (1/1) D:6            Lair (4/5) D:8
  Swamp (0/4) Lair:3       Spider (0/4) Lair:2        Sewer (visited)
  Slime: Lair:4-5

Altars:
Ashenzari
Elyvilon
Hepliaklqana
Makhleb
Okawaru
Qazlal
Ru
Sif Muna
Trog
Vehumet
Xom
Yredelemnul
The Shining One

Shops:
D:3 (!(:=   D:4 :   D:5 *   D:8 [[[:[

Annotations:
Lair:2 2 transporters, Huqos's ghost, journeyman DECj
Lair:4 1 transporter


Innate Abilities, Weirdness & Mutations

You are a hulking beast.
Your limbs bulge with bestial killing power. (Slay +4)
You have very sharp teeth.
Your uncanny sense of smell can sniff out nearby items.
Your experience applies equally to all skills.


Message History

No target in view!
Found a runed scale mail and a leather armour.
No reachable target in view!
You see here a +3 scale mail.
You see here a +0 leather armour.
Found a transporter.
There is a transporter here.
You enter the transporter and appear at another place.
The swamp worm fires a harpoon shot at you.
The harpoon shot hits you!
You are yanked forward by the harpoon shot.
You collide with the briar patch!
The briar patch is heavily damaged.
The swamp worm fires a harpoon shot at you.
The harpoon shot hits you!
You are yanked forward by the harpoon shot.
You collide with the briar patch!
The briar patch is destroyed!
Okay, then.
Blink to where?
Press: ? - help, Dir - move target
As you read the scroll of blinking, it crumbles to dust.
You are engulfed in dark miasma.
You are poisoned.
You feel yourself slow down.
You feel very sick.
You open the door.
You are engulfed in dark miasma.
You are more poisoned.
You feel as though you will be slow longer.
You feel extremely sick.
The swamp worm fires a harpoon shot at you.
The harpoon shot hits you but does no damage.
The swamp worm fires a harpoon shot at you.
The harpoon shot hits you!!
* * * LOW HITPOINT WARNING * * *
You are yanked forward by the harpoon shot.
You collide with the briar patch!
* * * LOW HITPOINT WARNING * * *
You die...
Your body rises from the dead as a mindless zombie.

.........P# #..###........#.
.........## #..##..........#
#.....#.## #P.#.P........P#
#....##.# #..............#
.......## ##...#########.###
#.......####....##w#w#w##...##
#.P.P....##..####≈§#§≈§§##.#.####
.............#[[#PP§PPPPP#.......
#...........©#©?h°^^^^^^©#©......
...##.#.#.#..#=$#PPPZPP.P#.......
... ##..###..####≈≈≈#§≈≈##.......
.. ##..###.Z..#w#♣#w#♣#........ #
##..# ##..##########........
#...# ##.#......Z.Z........
###...# #.....[[.............
#.##..# ###...................
####.#P..#PP.....................


You could see 5 swamp worms and a friendly water moccasin zombie.

Vanquished Creatures
  2 hydras (Lair:3)
  A catoblepas (Lair:3)
  A boulder beetle (Lair:2)
  A deep troll (Lair:1)
  5 elephants
  5 black mambas
  4 rime drakes
  7 cane toads
  5 komodo dragons
  A hornet (D:5)
  A polar bear (Lair:1)
  3 blink frogs
  14 yaks
  A culicivora (Lair:2)
  2 jumping spiders (Lair:2)
  3 wyverns
  A basilisk (Lair:3)
  Eustachio (D:6)
  A steam dragon (D:8)
  Edmund (D:6)
  Duvessa (D:6)
  13 water moccasins
  An orc warrior (D:8)
  A sky beast (D:7)
  An ice beast (D:5)
  A black bear (D:8)
  3 ogres
  4 wolves (Lair:2)
  2 centaurs
  2 phantoms
  A gnoll sergeant (D:6)
  5 bullfrogs (Lair:3)
  A scorpion (D:4)
  6 wights
  Dowan (D:6)
  7 killer bees (D:8)
  An electric eel (Lair:4)
  An orc priest (D:7)
  Crazy Yiuf (D:5)
  2 hounds
  A jelly (D:6)
  A sleepcap (D:6)
  An iguana (D:4)
  2 orc wizards
  A hell rat (Sewer)
  9 gnolls
  6 river rats
  11 adders
  3 shadow imps
  8 white imps (Lair:1)
  2 ufetubi (D:6)
  2 worms
  4 dart slugs
  26 orcs
  6 bats
  6 endoplasms
  7 giant cockroaches
  4 hobgoblins
  10 kobolds
  A quokka (D:4)
  6 ball pythons
  3 frilled lizards
  3 goblins
  14 rats
252 creatures vanquished.

Vanquished Creatures (collateral kills)
  3 elephants (Lair:2)
  A cane toad (Lair:2)
  A komodo dragon (Lair:1)
  3 blink frogs
  A jumping spider (Lair:2)
  A wyvern (Lair:3)
  6 yaks
  A basilisk (Lair:2)
  5 water moccasins
  A black bear (Lair:1)
  An ogre (D:6)
  4 bullfrogs
  4 white imps (Lair:1)
32 creatures vanquished.

Vanquished Creatures (others)
  A cane toad zombie (Lair:1)
  A komodo dragon zombie (Lair:1)
  A wyvern zombie (Lair:3)
  6 yak zombies
  2 wolf zombies (Lair:2)
  A basilisk zombie (Lair:3)
  A killer bee zombie (D:8)
  A spectral white imp (Lair:1)
  2 orc zombies (D:8)
16 creatures vanquished.

Grand Total: 300 creatures vanquished

Notes
Turn   | Place    | Note
-------+----------+-------------------------------------------
     0 | D:1      | Malachi the Gnoll Shapeshifter began the quest for the Orb.
     0 | D:1      | Reached XP level 1. HP: 17/17 MP: 1/1
   196 | D:1      | Reached XP level 2. HP: 23/23 MP: 2/2
   540 | D:1      | Reached XP level 3. HP: 28/28 MP: 3/3
   897 | D:2      | Reached skill level 1 in Invocations
   921 | D:1      | Reached skill level 1 in Short Blades
   921 | D:1      | Reached skill level 1 in Long Blades
   921 | D:1      | Reached skill level 1 in Axes
   921 | D:1      | Reached skill level 1 in Maces & Flails
   921 | D:1      | Reached skill level 1 in Polearms
   921 | D:1      | Reached skill level 1 in Staves
   921 | D:1      | Reached skill level 1 in Ranged Weapons
   921 | D:1      | Reached skill level 1 in Throwing
   921 | D:1      | Reached skill level 1 in Armour
   921 | D:1      | Reached skill level 1 in Stealth
   921 | D:1      | Reached skill level 1 in Shields
   921 | D:1      | Reached skill level 1 in Spellcasting
   921 | D:1      | Reached skill level 1 in Evocations
  1158 | D:1      | Reached XP level 4. HP: 11/34 MP: 5/5
  1465 | D:2      | Reached skill level 1 in Conjurations
  1465 | D:2      | Reached skill level 1 in Hexes
  1465 | D:2      | Reached skill level 1 in Summonings
  1465 | D:2      | Reached skill level 1 in Necromancy
  1465 | D:2      | Reached skill level 1 in Translocations
  1465 | D:2      | Reached skill level 1 in Transmutations
  1465 | D:2      | Reached skill level 1 in Fire Magic
  1465 | D:2      | Reached skill level 1 in Ice Magic
  1465 | D:2      | Reached skill level 1 in Air Magic
  1465 | D:2      | Reached skill level 1 in Earth Magic
  1465 | D:2      | Reached skill level 1 in Poison Magic
  1876 | D:2      | Reached XP level 5. HP: 23/40 MP: 5/7
  2394 | D:3      | Found Bafrih's Distillery.
  2416 | D:3      | Found Zudopn's Weapon Shoppe.
  2487 | D:3      | Found a bloodstained altar of Trog.
  2723 | D:3      | Found Qaoxt's Jewellery Emporium.
  3053 | D:3      | You fall into a shaft and drop 1 floor!
  3092 | D:4      | Found a glowing drain.
  3111 | D:4      | Reached XP level 6. HP: 31/47 MP: 8/8
  3118 | D:4      | Reached skill level 5 in Dodging
  3259 | Sewer    | Entered a sewer
  3564 | Sewer    | Identified the +5 ring mail of Articulation {Harm rPois rC-
                  | Int+3}
  3732 | D:4      | Found Eluckiec's Tremendous Tomes.
  3788 | D:4      | Found a hazy altar of Hepliaklqana.
  3935 | D:4      | Noticed a water moccasin
  3943 | D:4      | Killed a water moccasin
  3944 | D:4      | Reached skill level 7 in Unarmed Combat
  3944 | D:4      | Reached XP level 7. HP: 35/52 MP: 10/10
  4512 | D:4      | Upgraded the game from 0.31-a0-1019-g3dd9dd1025 to
                  | 0.31-a0-1057-g70f3316b05
  4525 | D:5      | Entered Level 5 of the Dungeon
  4598 | D:3      | Found Qoqaat's Book Shoppe.
  4629 | D:3      | Found Oguid's Weapon Shop.
  5073 | D:5      | Found Uwiv's General Store.
  5085 | D:5      | Bought a scroll of identify for 20 gold pieces
  5085 | D:5      | Bought a scroll of identify for 20 gold pieces
  5502 | D:5      | Noticed a hornet
  5510 | D:5      | Killed a hornet
  5511 | D:5      | Reached XP level 8. HP: 40/60 MP: 12/12
  5934 | D:5      | Found a runed translucent door.
  5935 | D:5      | Noticed Crazy Yiuf
  6070 | D:5      | Killed Crazy Yiuf
  6514 | D:6      | Found a sacrificial altar of Ru.
  6578 | D:6      | Noticed Eustachio
  6582 | D:6      | Killed Eustachio
  6608 | D:6      | Found a staircase to the Ecumenical Temple.
  6608 | D:6      | Noticed Duvessa
  6608 | D:6      | Noticed Dowan
  6617 | D:6      | Killed Duvessa
  6624 | D:6      | Killed Dowan
  6625 | D:6      | Reached XP level 9. HP: 66/66 MP: 14/14
  6715 | Temple   | Entered the Ecumenical Temple
  6724 | Temple   | Became a worshipper of Yredelemnul the Dark
  6751 | D:6      | Found a burning altar of Makhleb.
  6785 | D:6      | Noticed Edmund
  6791 | D:6      | Killed Edmund
  7313 | D:7      | Reached skill level 5 in Fighting
  7373 | D:7      | Reached * piety under Yredelemnul
  7560 | D:7      | Reached ** piety under Yredelemnul
  7766 | D:7      | Found a broken altar of Ashenzari.
  7823 | D:7      | Reached skill level 8 in Unarmed Combat
  8116 | D:7      | Reached skill level 5 in Invocations
  8266 | D:8      | Identified the +14 plate armour "Ijiwewn" {Int+4 Dex-4
                  | Stlth+}
  9166 | D:8      | Found Jiwe's Armour Shop.
  9252 | D:8      | Found Lothron's Antique Armour Shop.
  9261 | D:8      | Bought a pair of runed gloves for 120 gold pieces
  9373 | D:8      | Reached XP level 10. HP: 68/75 MP: 17/17
  9490 | D:8      | Reached skill level 5 in Short Blades
  9490 | D:8      | Reached skill level 5 in Long Blades
  9490 | D:8      | Reached skill level 5 in Axes
  9490 | D:8      | Reached skill level 5 in Maces & Flails
  9490 | D:8      | Reached skill level 5 in Polearms
  9490 | D:8      | Reached skill level 5 in Staves
  9490 | D:8      | Reached skill level 5 in Ranged Weapons
  9490 | D:8      | Reached skill level 5 in Throwing
  9490 | D:8      | Reached skill level 5 in Armour
  9490 | D:8      | Reached skill level 5 in Stealth
  9490 | D:8      | Reached skill level 5 in Shields
  9490 | D:8      | Reached skill level 5 in Spellcasting
  9490 | D:8      | Reached skill level 5 in Evocations
  9490 | D:8      | Found Pianol Wist's Book Emporium.
  9506 | D:8      | Found Eppuink's Armour Shoppe.
  9574 | D:8      | Found Tusitiw's Antique Armour Shoppe.
  9593 | D:8      | Bought a glimmering helmet for 152 gold pieces
  9593 | D:8      | Identified the +1 helmet of the Dungeon {rF+} (You bought
                  | it in a shop on level 8 of the Dungeon)
  9736 | D:8      | Found a staircase to the Lair.
  9893 | Lair:1   | Entered Level 1 of the Lair of Beasts
  9934 | Lair:1   | Noticed a cane toad
  9951 | Lair:1   | Killed a cane toad
  9951 | Lair:1   | Reached *** piety under Yredelemnul
  9978 | Lair:1   | Identified the +1 leather armour of Analysis {Dex+2}
  9992 | Lair:1   | Noticed a cane toad
 10209 | Lair:1   | Killed a cane toad
 10531 | Lair:1   | Reached **** piety under Yredelemnul
 10533 | Lair:1   | Reached ***** piety under Yredelemnul
 10533 | Lair:1   | Reached XP level 11. HP: 69/83 MP: 19/19
 10663 | Lair:1   | Reached skill level 9 in Unarmed Combat
 10666 | Lair:1   | Reached skill level 5 in Conjurations
 10666 | Lair:1   | Reached skill level 5 in Hexes
 10666 | Lair:1   | Reached skill level 5 in Summonings
 10666 | Lair:1   | Reached skill level 5 in Necromancy
 10666 | Lair:1   | Reached skill level 5 in Translocations
 10666 | Lair:1   | Reached skill level 5 in Transmutations
 10666 | Lair:1   | Reached skill level 5 in Fire Magic
 10666 | Lair:1   | Reached skill level 5 in Ice Magic
 10666 | Lair:1   | Reached skill level 5 in Air Magic
 10666 | Lair:1   | Reached skill level 5 in Earth Magic
 10666 | Lair:1   | Reached skill level 5 in Poison Magic
 10793 | Lair:1   | Reached ****** piety under Yredelemnul
 11241 | Lair:1   | Noticed a deep troll
 11250 | Lair:1   | Killed a deep troll
 11367 | Lair:2   | You fall into a shaft and drop 1 floor!
 11666 | Lair:2   | Found a hole to the Spider Nest.
 12181 | Lair:2   | Found a transporter.
 12207 | Lair:2   | Noticed a spriggan berserker
 12207 | Lair:2   | Noticed a spriggan rider
 12207 | Lair:2   | Noticed a moth of wrath
 12225 | Lair:2   | Noticed Huqos's ghost (journeyman DECj)
 12238 | Lair:2   | Found a bloodstained altar of Trog.
 12239 | Lair:2   | Noticed a spriggan rider
 12247 | Lair:2   | Found a transporter.
 12313 | Lair:2   | Noticed a boulder beetle
 12321 | Lair:2   | Killed a boulder beetle
 12322 | Lair:2   | Reached XP level 12. HP: 88/91 MP: 22/22
 13129 | Lair:3   | Noticed a catoblepas
 13135 | Lair:3   | Noticed a seven-headed hydra
 13139 | Lair:3   | Killed a catoblepas
 13149 | Lair:3   | Killed a seven-headed hydra
 13150 | Lair:3   | Reached skill level 10 in Unarmed Combat
 13774 | Lair:3   | Noticed a six-headed hydra
 13780 | Lair:3   | Killed a six-headed hydra
 13931 | Lair:3   | Found a staircase to the Swamp.
 14200 | Lair:4   | Noticed a seven-headed hydra
 14400 | Lair:4   | HP: 4/94 [black mamba (7)]
 14881 | Lair:4   | Reached XP level 13. HP: 86/99 MP: 23/25
 15027 | Lair:4   | Found a transporter.
 15048 | Lair:4   | Found a transporter.
 15058 | Lair:4   | HP: 2/99 [briar patch collision (12)]
 15059 | Lair:4   | Succumbed to poison (dark miasma)

Illustrated notes

Levels and vault maps discovered:
D:1:      minmay_arrival_doors, layout_basic
D:2:      layout_basic, hangedman_abyss_or_decor_stabs
D:3:      layout_basic, mainiacjoe_overflow_boulevard, serial_shops, shop,
          nicolae_shop_trees, nicolae_shop_statue_plus,
          nicolae_shop_advertising_works [nicolae_subvault_shop_adworks],
          nicolae_shop_industrial_runoff, kennysheep_path_1,
          nicolae_twisty_statue_hallways
D:4:      layout_basic, old_standard_altar, portal_sewer_entry_a,
          nicolae_shop_i_like_big_books, serial_bayou_pond_a
D:5:      layout_gridville, serial_shops, shop, kennysheep_decorative_pillar,
          grunt_decor_junction, columned_hall_lemuel, uniq_crazy_yiuf_cottage
D:6:      layout_basic, mainiacjoe_overflow_catwalk_spiral,
          minmay_temple_entry_water_ring, uniq_edmund, uniq_eustachio,
          uniq_duvessa
D:7:      layout_basic, nicolae_ashenzari_panopticon
D:8:      layout_basic, dpeg_oklobed_lair, serial_shops,
          nicolae_shop_just_a_little_nook, nicolae_shop_tiny_waterfront,
          nicolae_shop_hallway_stairs, shop, nicolae_shop_tiny_glass,
          minmay_crossroads
Temple:   nicolae_temple_superstar
Lair:1:   dreamdust_cave_troll, layout_regular_city, portal_ice_cave_entry_imps,
          grunt_megastairs_5
Lair:2:   layout_regular_city, nicolae_spider_entry_tight_spaces,
          gammafunk_ghost_wrathful_warriors
Lair:3:   layout_misc_corridors, swamp_mist, grunt_megastairs_4
Lair:4:   gammafunk_worm_tunnel, layout_gridlike, minivault_19,
          chequers_serial_rivers_large_a

Skill      XL: |  1  2  3  4  5  6  7  8  9 10 11 12 |
---------------+-------------------------------------+-----
Invocations    | 1 2 3 4 5 6 7 8 |  8.8
Short Blades   | 1 2 3 4 5 7 8 |  8.0
Long Blades    | 1 2 3 4 5 7 8 |  8.0
Axes           | 1 2 3 4 5 7 8 |  8.0
Maces & Flails | 1 2 3 4 5 7 8 |  8.0
Polearms       | 1 2 3 4 5 7 8 |  8.0
Staves         | 1 2 3 4 5 7 8 |  8.0
Ranged Weapons | 1 2 3 4 5 7 8 |  8.0
Throwing       | 1 2 3 4 5 7 8 |  8.0
Armour         | 1 2 3 4 5 7 8 |  8.0
Stealth        | 1 2 3 4 5 7 8 |  8.0
Shields        | 1 2 3 4 5 7 8 |  8.0
Spellcasting   | 1 2 3 4 5 7 8 |  8.0
Evocations     | 1 2 3 4 5 7 8 |  8.0
Conjurations   | 1 2 3 4 5 6 |  6.7
Hexes          | 1 2 3 4 5 6 |  6.7
Summonings     | 1 2 3 4 5 6 |  6.7
Necromancy     | 1 2 3 4 5 6 |  6.7
Translocations | 1 2 3 4 5 6 |  6.7
Transmutations | 1 2 3 4 5 6 |  6.7
Fire Magic     | 1 2 3 4 5 6 |  6.7
Ice Magic      | 1 2 3 4 5 6 |  6.7
Air Magic      | 1 2 3 4 5 6 |  6.7
Earth Magic    | 1 2 3 4 5 6 |  6.7
Poison Magic   | 1 2 3 4 5 6 |  6.7
Fighting       | 3 4 5 6 7 8 |  8.5
Dodging        | 5 6 7 8 9 |  9.3
Unarmed Combat | 7 8 9 10 | 10.4
Shapeshifting  | 7 8 9 |  9.9

Action                     |  1- 3 |  4- 6 |  7- 9 | 10-12 | 13-15 || total
---------------------------+-------+-------+-------+-------+-------++-------
  Melee: Mace              |    18 |       |       |       |       ||    18
         Punch             |     4 |     4 |     5 |     1 |       ||    14
         Unarmed           |    24 |   145 |   196 |   192 |       ||   557
         Bite              |     3 |    12 |    21 |    66 |     3 ||   105
         Dire flail        |       |       |       |   173 |    19 ||   192
 Invoke: Dark Bargain      |       |       |       |     6 |       ||     6
         Recall Undead Har |       |       |       |     1 |       ||     1
    Use: Scroll            |       |     5 |    11 |     4 |     1 ||    21
         Potion            |       |       |       |     4 |       ||     4
   Stab: Sleeping          |     3 |     1 |     5 |       |       ||     9
         Distracted        |       |       |     1 |     3 |       ||     4
         Petrified         |       |       |       |     2 |       ||     2
 Armour: Animal skin       |    16 |       |       |       |       ||    16
         Leather armour    |     8 |    13 |       |       |       ||    21
         Scale mail        |       |    21 |       |       |       ||    21
         Ring mail         |       |     9 |    55 |       |       ||    64
         Plate armour      |       |       |    27 |   368 |    23 ||   418
  Dodge: Dodged            |    31 |   105 |   123 |   232 |     9 ||   500
   Form: Flux              |       |       |     1 |       |       ||     1
         Beast             |       |       |       |     1 |       ||     1

Table legend: (Time is in decaauts)
 A = Elapsed time spent in this place.
 B = Non-inter-level travel time spent in this place.
 C = Inter-level travel time spent in this place.
 D = Time resting spent in this place.
 E = Time spent auto-exploring this place.
 F = Levels seen in this place.
 G = Mean time per level.
                   A        B        C        D        E       F      G
               +--------+--------+--------+--------+--------+-----+--------+
         Total |  14994 |  14395 |    599 |   4034 |   7836 |  14 | 1071.0 |
       Dungeon |   9657 |   9185 |    472 |   2104 |   5605 |   8 | 1207.1 |
        Temple |     18 |      2 |     16 |      0 |      0 |   1 |   18.0 |
          Lair |   4957 |   4846 |    111 |   1676 |   2210 |   4 | 1239.2 |
         Sewer |    360 |    360 |      0 |    254 |     21 |   1 |  360.0 |
               +--------+--------+--------+--------+--------+-----+--------+

Top non-repeatable levels by time:
     D:8: 1890 daAuts
  Lair:2: 1877 daAuts
  Lair:3: 1576 daAuts
     D:1: 1331 daAuts
  Lair:1: 1272 daAuts
     D:6: 1179 daAuts
     D:4: 1173 daAuts
     D:3: 1091 daAuts
     D:2: 1089 daAuts
     D:5: 1053 daAuts
     D:7: 849 daAuts
   Sewer: 360 daAuts
  Lair:4: 231 daAuts
  Temple: 18 daAuts
